 Dungeon Crawl Stone Soup version 0.21.1-1-g345015f (webtiles) character file.

58 Mirai the Skirmisher (level 3, -1/29 HPs)
             Began as a Demonspawn Fighter on Mar 11, 2018.
             Slain by an orc
             ... wielding a +0 falchion
              (6 damage)
             ... on level 2 of the Dungeon.
             The game lasted 00:02:12 (958 turns).

Mirai the Skirmisher (Demonspawn Fighter)            Turns: 958, Time: 00:02:13

Health: -1/29      AC:  6    Str: 17    XL:     3   Next: 75%
Magic:  3/3        EV:  7    Int:  9    God:
Gold:   37         SH:  8    Dex: 12    Spells: 2/2 levels left

rFire    . . .     SeeInvis .   a - +0 war axe
rCold    + . .     Gourm    .   c - +0 shield
rNeg     . . .     Faith    .   b - +0 scale mail
rPois    .         Spirit   .   (no helmet)
rElec    .         Reflect  .   (no cloak)
rCorr    .         Harm     .   (no gloves)
MR       .....                  (no boots)
Stlth    ..........             (no amulet)
HPRegen  0.09/turn              (no ring)
MPRegen  0.08/turn              (no ring)

@: no status effects
A: claws 1, cold resistance 1
a: no special abilities


You were on level 2 of the Dungeon.
You were not hungry.

You visited 1 branch of the dungeon, and saw 2 of its levels.

You collected 37 gold pieces.

Inventory:

Hand Weapons
 a - a +0 war axe (weapon)
 p - a +0 war axe
Armour
 b - a +0 scale mail (worn)
 c - a +0 shield (worn)
Scrolls
 e - 2 scrolls of identify {unknown}
 h - a scroll of enchant armour {unknown}
 i - a scroll of teleportation {unknown}
 k - a scroll of remove curse {unknown}
 m - a scroll of fear {unknown}
 n - a scroll of amnesia {unknown}
Potions
 d - a potion of might
 g - 2 potions of agility {unknown}
 l - a potion of berserk rage {unknown}
 o - a potion of curing {unknown}
Comestibles
 f - 2 rations
 j - 5 chunks of flesh


   Skills:
 + Level 3.3 Fighting
 + Level 2.7 Axes
 + Level 3.3 Armour
 + Level 0.5 Dodging
 - Level 2.6 Shields


You had 2 spell levels left.
You didn't know any spells.

Dungeon Overview and Level Annotations

Branches:
Dungeon (2/15)

Altars:


Innate Abilities, Weirdness & Mutations

You have sharp fingernails.
Your flesh is cold resistant. (rC+)


Message History

The orc hits you with a falchion.
* * * LOW HITPOINT WARNING * * *
You see here a tomahawk.
You closely miss the orc. You hit the giant cockroach.
You block the giant cockroach's attack. The orc hits you with a falchion.
* * * LOW HITPOINT WARNING * * *
The giant cockroach barely misses you.
You barely miss the orc. You hit the giant cockroach.
You kill the giant cockroach!
The orc closely misses you.
You closely miss the orc. You block the orc's attack.
You closely miss the orc. You block the orc's attack. x2
Your shield and scale mail prevent you from hitting the orc.
You block the orc's attack.
You closely miss the orc. You block the orc's attack.
The orc hits you with a falchion.
* * * LOW HITPOINT WARNING * * *
Unknown command.
You closely miss the orc. The orc hits you with a falchion.
You die...

.......##...oo##.###...#....
.......#.......#..#>...#####
###.##.#.......#.....>..#
###.##.#.......#.#..###.##
.....#.#.......#...).....).
.<.....# .... #.#..###.###
..<..#.# ..... #(.......
.......# ......#[.####...
#.####.........o@## #.. ..#
#......#..## . .## ###.....#
. #..... . #.##.. . ##


You could see an orc.

Vanquished Creatures
  An orc priest (D:2)
  A dart slug (D:1)
  A leopard gecko (D:1)
  3 orcs (D:2)
  3 giant cockroaches
  A goblin (D:2)
  A hobgoblin (D:2)
  3 kobolds
  6 bats
  A frilled lizard (D:2)
  2 rats (D:1)
23 creatures vanquished.

Notes
Turn   | Place    | Note
-------+----------+-------------------------------------------
     0 | D:1      | Mirai the Demonspawn Fighter began the quest for the Orb.
     0 | D:1      | Reached XP level 1. HP: 18/18 MP: 1/1
   238 | D:1      | Gained mutation: Your flesh is cold resistant. (rC+) [demonic ancestry]
   238 | D:1      | Reached XP level 2. HP: 15/24 MP: 2/2
   825 | D:2      | Gained mutation: You have sharp fingernails. [demonic ancestry]
   825 | D:2      | Reached XP level 3. HP: 10/29 MP: 3/3
   958 | D:2      | Slain by an orc

Skill      XL: |  1  2 |
---------------+-------+-----
Axes           | 2 |  2.7
Armour         | 3 |  3.3
Fighting       | |  3.3
Dodging        | |  0.5
Shields        | |  2.6

Action                   || total
-------------------------++-------
Melee: War axe           ||    80
Armor: Scale mail        ||    39
Dodge: Dodged            ||    24
Block: Shield            ||    68
